[Event "Team 45 45 League T64"]
[Site "Internet Chess Club"]
[Date "2015.04.23"]
[Round "8"]
[White "spand42"]
[Black "RubberDuck"]
[Result "1-0"]
[WhiteElo "1968"]
[BlackElo "1898"]
[Opening "Sicilian: dragon, Yugoslav attack, 10.O-O-O"]
[ECO "B78"]
[Time "15:00:17"]
[TimeControl "2700+45"]

1. e4 c5 2. Nf3 d6 3. d4 cxd4 4. Nxd4 Nf6 5. Nc3 g6 6. Be3 Bg7 7. f3 O-O 8. Qd2
Bd7 9. Bc4 Nc6 10. O-O-O a6 11. h4 h5 12. g4 Rc8 13. Bb3 b5 14. gxh5 Nxh5 15.
Rhg1 Na5 16. Bh6 Nc4 17. Bxc4 Rxc4 18. Bxg7 Kxg7 19. Nf5+ Bxf5 20. exf5 Rf4 21.
fxg6 fxg6 22. Nd5 R4f5 23. Qd4+ Kh7 24. Qe4 R8f7 25. Qe6 Nf4 26. Nxf4 R7f6 27.
Qe2 Rxf4 28. h5 Qf8 29. hxg6+ Rxg6 30. Rxg6 Kxg6 31. Qe6+ Qf6 32. Rg1+ Kh6 33.
Qe3 Qe5 34. Qd2 Qd4 35. Qg2 Qf6 36. Kb1 Rh4 37. Qg3 a5 38. f4 b4 39. f5 Rh5 40.
Qe3+ Rg5 41. a3 bxa3 42. bxa3 Qxf5 43. Rh1+ Kg6 44. Qxe7 Qb5+ 45. Kc1 Qe5 46.
Qh7+ Kf6 47. Rh6+ {Black resigns} 1-0

[Event "Team 45 45 League T64"]
[Site "Internet Chess Club"]
[Date "2015.04.24"]
[Round "8"]
[White "fledermaus"]
[Black "TerryMalloy"]
[Result "1/2-1/2"]
[WhiteElo "1904"]
[BlackElo "2006"]
[Opening "QGD semi-Slav: anti-Meran gambit"]
[ECO "D44"]
[Time "20:20:29"]
[TimeControl "2700+45"]

1. Nf3 d5 2. d4 Nf6 3. c4 c6 4. Nc3 e6 5. Bg5 dxc4 6. e4 b5 7. e5 h6 8. Bh4 g5
9. Nxg5 hxg5 10. Bxg5 Nbd7 11. exf6 Bb7 12. g3 c5 13. d5 Qc7 14. Bg2 Qe5+ 15.
Be3 Nxf6 16. Nxb5 Bxd5 {Game drawn by mutual agreement} 1/2-1/2

[Event "Team 45 45 League T64"]
[Site "Internet Chess Club"]
[Date "2015.04.26"]
[Round "8"]
[White "CaptK"]
[Black "jonesey"]
[Result "1-0"]
[WhiteElo "1841"]
[BlackElo "1838"]
[Opening "Queen's Pawn"]
[ECO "A41"]
[Time "11:12:18"]
[TimeControl "2700+45"]

1. d4 d6 2. Nf3 Nf6 3. Bf4 g6 4. h3 Bg7 5. e3 Nbd7 6. Be2 O-O 7. O-O Qe8 8. c4
e5 9. Bh2 Ne4 10. Nbd2 Nxd2 11. Qxd2 e4 12. Ne1 f5 13. Nc2 Nf6 14. b4 Be6 15. c5
Rd8 16. Na3 Qa4 17. Nb5 Ne8 18. cxd6 cxd6 19. a3 a6 20. Nc3 Qd7 21. Rac1 Nc7 22.
f3 Nd5 23. fxe4 Nxc3 24. Rxc3 fxe4 25. Rfc1 Qf7 26. Bg3 Bh6 27. Rc7 Rd7 28. Rxd7
Qxd7 29. Rc3 Bxh3 30. gxh3 Qxh3 31. Bc4+ Kh8 32. Qg2 Qh5 33. Be2 Qd5 34. Qh2 Bg7
35. Bc4 Qg5 36. Qh4 Qf5 37. Be2 Qd5 38. Rc7 Qb3 39. Bf4 Qb1+ 40. Kf2 g5 41. Qxg5
Rg8 42. Qh4 Rf8 43. Qg5 Rg8 44. Qe7 Qh1 45. Bg4 Bf8 46. Qf6+ Bg7 47. Rxg7 Rxg7
48. Bxd6 {Black resigns} 1-0

[Event "Team 45 45 League T64"]
[Site "Internet Chess Club"]
[Date "2015.04.25"]
[Round "8"]
[White "Innes"]
[Black "clarinetref"]
[Result "0-1"]
[WhiteElo "1623"]
[BlackElo "1594"]
[Opening "Robatsch (modern) defense"]
[ECO "B06"]
[Time "18:02:07"]
[TimeControl "2700+45"]

1. e4 g6 2. d4 d6 3. f4 Bg7 4. c3 e6 5. Nf3 Nd7 6. Bd3 Ne7 7. O-O O-O 8. Kh1 c5
9. e5 d5 10. g4 cxd4 11. cxd4 Qa5 12. b4 Qb6 13. b5 a6 14. Nc3 Qc7 15. Bd2 Nb6
16. Rc1 Nc4 17. Bxc4 dxc4 18. a4 Nd5 19. Ne4 Rd8 20. Qe1 axb5 21. axb5 b6 22.
Nd6 Rxd6 23. exd6 Qxd6 24. Ne5 Bb7 25. Kg1 c3 26. Bxc3 Ra2 27. Rf2 Rxf2 28. Qxf2
Qa3 29. Qb2 Qe7 30. g5 Nxf4 31. h4 Bxe5 32. dxe5 Qc5+ 33. Bd4 Qxc1+ 34. Qxc1
Ne2+ 35. Kf2 Nxc1 36. Bxb6 Nd3+ 37. Ke3 Nxe5 38. Bc7 Nd7 39. Kd4 Kf8 40. Bd6+
Ke8 41. Bc7 e5+ 42. Bxe5 Nxe5 43. Kxe5 Ke7 44. b6 Bc6 45. Kd4 Ke6 46. Kc5 Bg2
47. Kb5 Kf5 48. Ka6 Kg4 49. b7 Bxb7+ 50. Kxb7 Kxh4 51. Kc6 Kxg5 52. Kd5 h5 53.
Ke4 Kg4 54. Ke3 Kg3 55. Ke2 Kg2 56. Ke3 h4 57. Kf4 h3 58. Kg5 h2 59. Kf6 h1=Q
60. Kxf7 g5 61. Kf6 g4 62. Kf5 g3 63. Kf4 Qf1+ 64. Kg4 Qf3+ 65. Kg5 Kf2 66. Kh4
Qf4+ 67. Kh3 Qf5+ 68. Kh4 Qg6 69. Kh3 Qh5# {White checkmated} 0-1

[Event "Team 45 45 League T64"]
[Site "Internet Chess Club"]
[Date "2015.04.26"]
[Round "8"]
[White "Agarnez"]
[Black "room-matt"]
[Result "0-1"]
[WhiteElo "1997"]
[BlackElo "1919"]
[Opening "Budapest defense"]
[ECO "A52"]
[Time "01:32:38"]
[TimeControl "2700+45"]

1. d4 Nf6 2. c4 e5 3. dxe5 Ng4 4. e3 Nxe5 5. Nh3 g6 6. Nc3 Bg7 7. Nf4 O-O 8. Be2
d6 9. O-O a5 10. e4 Na6 11. Be3 b6 12. Nfd5 Nc6 13. Qd2 Re8 14. Rad1 Nc5 15.
Bxc5 bxc5 16. Nb5 Rb8 17. Ndxc7 Re7 18. Qxd6 Qxd6 19. Rxd6 Bb7 20. Rd2 Rxe4 21.
Bf3 Rxc4 22. Nd6 Rb4 23. Bd5 Rf8 24. Re1 Bxb2 25. Nxb7 Rxb7 26. Rb1 Rxc7 27.
Rdxb2 Rd8 28. Bc4 Ne5 29. Rb8 Rd7 30. Rxd8+ Rxd8 31. Bf1 Rd2 32. a4 Ng4 33. Rb5
Rc2 34. Rxa5 Nxf2 35. Ra8+ Kg7 36. a5 Ne4 37. a6 Rc1 38. Rd8 Ra1 39. g3 c4 40.
Kg2 Ra2+ 41. Kh3 c3 42. Bd3 Nf2+ 43. Kh4 Nxd3 44. Rxd3 Rxh2+ 45. Kg4 c2 46. Rc3
Rd2 47. a7 Rd4+ 48. Kf3 Rd3+ 49. Rxd3 c1=Q 50. Rd8 Qa3+ 51. Kf4 Qxa7 52. Rd5
Qc7+ 53. Kg4 Qe7 54. Kf4 Qf6+ 55. Ke4 Qe6+ 56. Re5 Qg4+ {White resigns} 0-1

[Event "Team 45 45 League T64"]
[Site "Internet Chess Club"]
[Date "2015.04.26"]
[Round "8"]
[White "Goli"]
[Black "Axagus"]
[Result "1-0"]
[WhiteElo "1750"]
[BlackElo "1701"]
[Opening "English: symmetrical variation"]
[ECO "A38"]
[Time "16:00:12"]
[TimeControl "2700+45"]

1. c4 c5 2. Nc3 Nf6 3. Nf3 Nc6 4. g3 g6 5. Bg2 Bg7 6. O-O d5 7. cxd5 Nxd5 8.
Nxd5 Qxd5 9. d3 Bg4 10. Ng5 Qd7 11. h3 Be6 12. Nxe6 Qxe6 13. Re1 O-O 14. Qc2 Nd4
15. Qd1 Nc6 16. Qa4 Rac8 17. Be3 b6 18. Rab1 Nb4 19. a3 b5 20. Qd1 Nd5 21. Bxd5
Qxd5 22. Qd2 Qh5 23. Kh2 Rc6 24. Bg5 f6 25. Be3 e5 26. Rbc1 Rfc8 27. b4 cxb4 28.
Rxc6 Rxc6 29. Qxb4 a6 30. Qe4 Rc2 31. Rc1 Qxe2 32. Qd5+ Kf8 33. Bc5+ Ke8 34.
Qe6+ Kd8 35. Qd6+ Kc8 36. Qc6+ Kd8 37. Rxc2 Qxd3 38. Bb4 Qd7 39. Rd2 {Black
resigns} 1-0

[Event "Team 45 45 League T64"]
[Site "Internet Chess Club"]
[Date "2015.04.25"]
[Round "8"]
[White "drbishop"]
[Black "zap2"]
[Result "1-0"]
[WhiteElo "1687"]
[BlackElo "1743"]
[Opening "Queen's Indian: Petrosian system"]
[ECO "E12"]
[Time "08:09:36"]
[TimeControl "2700+45"]

1. d4 Nf6 2. c4 e6 3. Nf3 b6 4. a3 Bb7 5. Nc3 Be7 6. Qc2 O-O 7. e4 d6 8. Bd3
Nbd7 9. O-O c5 10. d5 h6 11. h3 exd5 12. exd5 Ne5 13. Nxe5 dxe5 14. Re1 Bd6 15.
Bd2 Ne8 16. Nb5 Bb8 17. Re2 Bc8 18. Rae1 f5 19. f3 a6 20. Nc3 Qf6 21. b4 Ra7 22.
bxc5 bxc5 23. d6 Qxd6 24. Nd5 Qc6 25. Bc3 e4 26. fxe4 fxe4 27. Bxe4 Qd6 28. Be5
Qd7 29. Bxb8 Rb7 30. Bh2 Nd6 31. Bh7+ Kh8 32. Ne7 Rf6 33. Nxc8 Nxc8 34. Re8+
{Black resigns} 1-0

[Event "Team 45 45 League T64"]
[Site "Internet Chess Club"]
[Date "2015.04.24"]
[Round "8"]
[White "BrerRabbit"]
[Black "victoriosan"]
[Result "1/2-1/2"]
[WhiteElo "1449"]
[BlackElo "1451"]
[Opening "Réti: King's Indian attack"]
[ECO "A05"]
[Time "19:12:21"]
[TimeControl "2700+45"]

1. Nf3 Nf6 2. g3 g6 3. Bg2 Bg7 4. O-O O-O 5. d3 d6 6. e4 e5 7. a4 Nc6 8. c3 Rb8
9. a5 Ng4 10. Nbd2 f5 11. Nc4 fxe4 12. dxe4 h6 13. h3 Nf6 14. Qc2 Be6 15. Ncd2
Qd7 16. Kh2 Nd8 17. b3 Nf7 18. Nb1 Qe7 19. Be3 b6 20. Nbd2 d5 21. Rfd1 Kh7 22.
axb6 cxb6 23. Kg1 Rbc8 24. Qd3 dxe4 25. Nxe4 Nxe4 26. Qxe4 Bxb3 27. Rdc1 Nd6 28.
Qb4 Bc4 29. Nd2 Be6 30. Ne4 Rfd8 31. Rd1 Bf8 32. Nxd6 Rxd6 33. Qxd6 Qxd6 34.
Rxd6 Bxd6 35. Rxa7+ Rc7 36. Bxb6 Rxa7 37. Bxa7 Kg7 38. Kf1 Kf6 39. Ke2 Bc4+ 40.
Kd2 g5 41. g4 Kg6 42. Ke3 h5 43. Bb6 hxg4 44. hxg4 Bb5 45. Be4+ Kg7 46. Bd3 Bc6
{Game drawn by mutual agreement} 1/2-1/2

[Event "Team 45 45 League T64"]
[Site "Internet Chess Club"]
[Date "2015.04.27"]
[Round "8"]
[White "marceloeinhorn"]
[Black "f5"]
[Result "1-0"]
[WhiteElo "2026"]
[BlackElo "2070"]
[Opening "Sicilian: closed, 6.f4"]
[ECO "B25"]
[Time "14:30:32"]
[TimeControl "2700+45"]

1. e4 c5 2. Nc3 Nc6 3. g3 g6 4. Bg2 Bg7 5. d3 d6 6. f4 e6 7. Nf3 Nge7 8. O-O O-O
9. Be3 Nd4 10. Qd2 Rb8 11. Nh4 b5 12. Nd1 b4 13. c3 bxc3 14. bxc3 Qa5 15. cxd4
Qxd2 16. Bxd2 Bxd4+ 17. Nf2 Ba6 18. Rac1 Bxd3 19. Rfe1 Ba6 20. Bc3 Rfc8 21. Bxd4
cxd4 22. Nf3 Nc6 23. Bf1 Bxf1 24. Kxf1 f6 25. e5 fxe5 26. fxe5 dxe5 27. Nxe5 Nb4
28. Rxc8+ Rxc8 29. Ned3 Nxa2 30. Rxe6 Nc3 31. Ra6 Rc7 32. Ne5 Re7 33. Nfd3 Ne4
34. Ra4 Rb7 35. Rxd4 Rb1+ 36. Kg2 Nf6 37. Ra4 Rb7 38. Nc6 Rd7 39. Nde5 Rd2+ 40.
Kh3 g5 41. Rxa7 g4+ 42. Nxg4 Nxg4 43. Kxg4 Rxh2 44. Kg5 Rc2 45. Ne7+ Kf8 46. Nf5
Kg8 47. Nh6+ Kf8 48. Rxh7 Rc6 49. Nf5 Ra6 50. g4 Kg8 51. Rb7 Kh8 52. Kh5 Ra1 53.
g5 Ra2 54. g6 Rh2+ 55. Kg5 Rg2+ 56. Kf6 {Black resigns} 1-0

[Event "Team 45 45 League T64"]
[Site "Internet Chess Club"]
[Date "2015.04.23"]
[Round "8"]
[White "Chessbomb"]
[Black "Freitac"]
[Result "0-1"]
[WhiteElo "1826"]
[BlackElo "1823"]
[Opening "Caro-Kann: exchange variation"]
[ECO "B13"]
[Time "20:35:56"]
[TimeControl "2700+45"]

1. e4 c6 2. d4 d5 3. exd5 cxd5 4. Bd3 Nc6 5. c3 Qc7 6. h3 Nf6 7. Nf3 g6 8. O-O
Bf5 9. Na3 Bxd3 10. Qxd3 Bg7 11. Nb5 Qd7 12. Bf4 O-O 13. Ne5 Qf5 14. Qxf5 gxf5
15. Rfe1 a6 16. Nxc6 bxc6 17. Nc7 Ra7 18. Rxe7 Rc8 19. Be5 Bf8 20. Nxd5 Bxe7 21.
Nxf6+ Bxf6 22. Bxf6 Re8 23. Kf1 Re6 24. Be5 f6 25. Bg3 Rae7 26. f3 Kf7 27. Re1
Rxe1+ 28. Bxe1 Ke6 29. Ke2 Kd5+ 30. Kd2 Rg7 31. g4 fxg4 32. hxg4 f5 33. gxf5 Rf7
34. Kd3 Rxf5 35. c4+ Ke6 36. Ke4 Rh5 37. a4 Rh1 38. Bc3 Rh4+ 39. f4 Rh5 40. b4
Rh3 41. d5+ cxd5+ 42. cxd5+ Kd7 43. Bd4 Ra3 44. a5 Rb3 45. Bc5 h5 46. f5 h4 47.
f6 Ke8 48. Ke5 h3 49. Ke6 Rf3 50. Bg1 Rf1 51. Bh2 Rf2 52. Bg3 Re2+ 53. Kd6 h2
54. Bxh2 Rxh2 55. Kc7 Rc2+ 56. Kb6 Rb2 57. Kc5 Kf7 58. Kb6 Rxb4+ 59. Kxa6 Kxf6
60. Ka7 Ke5 61. a6 Kxd5 62. Ka8 Kc6 63. Ka7 Ra4 {White resigns} 0-1

[Event "Team 45 45 League T64"]
[Site "Internet Chess Club"]
[Date "2015.04.26"]
[Round "8"]
[White "primerpaso"]
[Black "dmarcolino"]
[Result "1/2-1/2"]
[WhiteElo "1858"]
[BlackElo "1956"]
[Opening "English opening"]
[ECO "A17"]
[Time "18:00:15"]
[TimeControl "2700+45"]

1. c4 Nf6 2. Nc3 e6 3. g3 d5 4. cxd5 exd5 5. d4 Bd6 6. Bg2 c6 7. Nf3 O-O 8. O-O
Re8 9. a3 a5 10. Bf4 Bf8 11. h3 Nh5 12. Bg5 f6 13. Bc1 Bd6 14. Nd2 g6 15. e4 Qb6
16. exd5 Qxd4 17. Nde4 Qxd1 18. Rxd1 Be5 19. g4 f5 20. gxh5 fxe4 21. hxg6 hxg6
22. Nxe4 cxd5 23. Rxd5 Nc6 24. Bg5 Bxb2 25. Re1 Bf5 26. Nf6+ Bxf6 27. Rxe8+ Rxe8
28. Bxf6 Re1+ 29. Kh2 Rb1 30. Rc5 a4 {Game drawn by mutual agreement} 1/2-1/2

[Event "Team 45 45 League T64"]
[Site "Internet Chess Club"]
[Date "2015.04.25"]
[Round "8"]
[White "TileGuy"]
[Black "Intemperate"]
[Result "0-1"]
[WhiteElo "1858"]
[BlackElo "2047"]
[Opening "Sicilian: Kan, 5.Nc3"]
[ECO "B43"]
[Time "08:17:11"]
[TimeControl "2700+45"]

1. e4 c5 2. Nf3 e6 3. d4 cxd4 4. Nxd4 a6 5. Nc3 b5 6. a3 Bb7 7. Bd3 Qc7 8. Bg5
Be7 9. Qg4 Nf6 10. Qh4 h6 11. O-O-O Nc6 12. Bf4 e5 13. Nxc6 Bxc6 14. Bg5 Qb7 15.
f4 O-O-O 16. Bxf6 Bxf6 17. Qf2 exf4 18. Nd5 Bxd5 19. exd5 d6 20. Rhe1 Rhe8 21.
Kb1 g5 22. Bf5+ Kb8 23. Qf3 b4 24. axb4 Qxb4 25. c3 Qb5 26. Qd3 Kc7 27. Kc2 Qa4+
28. Kb1 Rb8 29. Rxe8 Rxe8 30. Qc2 Qxc2+ 31. Kxc2 h5 32. Rd2 Kb6 33. Rf2 Re3 34.
Kd2 Kc5 35. Bd3 a5 36. Re2 Rxe2+ 37. Bxe2 g4 38. b3 Be5 39. Bd3 f3 40. gxf3 gxf3
41. h3 f2 42. Ke2 Bxc3 43. Kxf2 Kb4 44. Bc2 Bd4+ 45. Kf3 Kc3 46. Bd1 Kd2 47. Be2
Kc2 48. Ke4 Be5 49. b4 axb4 50. Bxh5 b3 51. Bxf7 b2 52. Bg6 Kc1 53. Kf3 b1=Q 54.
Bxb1 Kxb1 55. Ke4 Kc2 56. Kf5 Kd3 57. h4 Kd4 58. Ke6 Kc5 59. h5 Bf4 60. Kf5 Bh6
61. Ke6 Be3 {White resigns} 0-1

[Event "Team 45 45 League T64"]
[Site "Internet Chess Club"]
[Date "2015.04.27"]
[Round "8"]
[White "nikenwidiartto"]
[Black "Gilligan"]
[Result "1/2-1/2"]
[WhiteElo "2007"]
[BlackElo "1982"]
[Opening "Scotch gambit: Dubois-Réti defense"]
[ECO "C55"]
[Time "21:00:12"]
[TimeControl "2700+45"]

1. e4 e5 2. Nf3 Nc6 3. d4 exd4 4. Bc4 Nf6 5. e5 d5 6. Bb5 Ne4 7. Nxd4 Bd7 8.
Bxc6 bxc6 9. O-O Bc5 10. f3 Ng5 11. f4 Ne4 12. Be3 O-O 13. Nd2 Nxd2 14. Qxd2 Bb6
15. Nb3 Bf5 16. Nc5 Re8 17. c3 f6 18. Bd4 Bxc5 19. Bxc5 Be4 20. Bd4 fxe5 21.
fxe5 Qe7 22. b4 c5 23. bxc5 c6 24. Rf2 Rf8 25. Raf1 Rxf2 26. Rxf2 Rf8 27. Rf4
Rxf4 28. Qxf4 Qf7 29. Qg5 h6 30. Qg3 Qg6 31. Qf2 Qf7 32. g3 a5 33. Qf4 Qxf4 34.
gxf4 Kf7 35. Kf2 g6 36. Ke3 a4 37. c4 Ke6 38. Bc3 Bg2 39. Kd4 dxc4 40. Kxc4 Bf1+
41. Kb4 Bb5 42. Ka5 Kd5 43. Kb6 Ke6 44. Kc7 Ke7 45. Be1 Ke6 46. Bh4 g5 47. Bg3
gxf4 48. Bxf4 h5 49. a3 Ke7 50. Bg5+ Ke6 51. Bf6 Kd5 52. Kd7 Be2 53. Kc7 Bg4 54.
Be7 Bf3 55. Bd6 Ke6 56. Kd8 Bg4 57. Ke8 Bf3 58. Kf8 Be2 59. Kg7 Bf3 60. Kg6 Be2
61. Kg5 Bg4 62. Kf4 Bd1 63. Ke3 Bg4 64. Kd2 Bf3 65. Kc3 Bg4 {Game drawn by
mutual agreement} 1/2-1/2

[Event "Team 45 45 League T64"]
[Site "Internet Chess Club"]
[Date "2015.04.26"]
[Round "8"]
[White "Greedy-Reedy"]
[Black "no2"]
[Result "1/2-1/2"]
[WhiteElo "1903"]
[BlackElo "1727"]
[Opening "Two knights defense"]
[ECO "C55"]
[Time "12:01:40"]
[TimeControl "2700+45"]

1. e4 e5 2. Nf3 Nc6 3. Bc4 Nf6 4. d4 Qe7 5. d5 Nb8 6. Nc3 h6 7. O-O d6 8. h3
Nbd7 9. Be3 Nb6 10. Bb3 Bd7 11. a4 Nh7 12. a5 Nc8 13. Nh2 Qh4 14. Ba4 c6 15. a6
Ne7 16. axb7 Rb8 17. dxc6 Nxc6 18. Bxc6 Bxc6 19. Rxa7 Bxb7 20. Nb5 Qd8 21. Nc3
Be7 22. f4 exf4 23. Rxf4 Bg5 24. Kh1 Bxf4 25. Bxf4 O-O 26. Bxd6 Ng5 27. Bxf8 Qb6
28. Rxb7 Qxb7 29. Ba3 Nxe4 30. Nxe4 Qxe4 31. Nf3 Re8 32. Qd3 Qf4 33. Qd2 Re3 34.
Bd6 Qe4 35. Bg3 f5 36. b4 Re2 37. Qd3 Rxc2 38. Qd8+ Kh7 39. Qd4 Rc1+ 40. Kh2 Qb1
41. Be1 Qe4 42. Bc3 Qe7 43. Qe5 Qd7 44. Nh4 Rf1 45. Qg3 f4 46. Qg6+ Kg8 47. Nf5
Qc7 48. Qxg7+ Qxg7 49. Nxg7 f3 50. g4 Rc1 51. Bd4 f2 52. Bxf2 Kxg7 53. b5 Rb1
54. b6 Kf7 55. Kg3 Kg6 56. Be3 h5 57. g5 Rb4 58. Kf3 Kf5 59. Ke2 Rb3 60. h4 Rb4
61. Bc5 Rb5 62. Bd4 Ke4 63. g6 Kxd4 64. g7 Re5+ 65. Kf3 Re8 66. Kf4 Rb8 67. b7
Kd5 68. Kf5 Kc6 69. Kg6 Kxb7 70. Kh7 Kc7 71. g8=Q Rxg8 72. Kxg8 Kd7 73. Kf7 Kd8
74. Kf8 Kd7 75. Kg7 Ke7 76. Kg6 Kf8 77. Kxh5 Kg7 78. Kg5 Kh7 79. h5 Kh8 80. h6
Kh7 81. Kh5 Kh8 82. Kg6 Kg8 83. h7+ Kh8 84. Kh6 {Black stalemated} 1/2-1/2

[Event "Team 45 45 League T64"]
[Site "Internet Chess Club"]
[Date "2015.04.27"]
[Round "8"]
[White "parrot9"]
[Black "zap2"]
[Result "0-1"]
[WhiteElo "1663"]
[BlackElo "1756"]
[Opening "Pirc defense"]
[ECO "B07"]
[Time "15:16:04"]
[TimeControl "2700+45"]

1. e4 d6 2. d4 Nf6 3. Nc3 e5 4. f3 Be7 5. Be3 Nh5 6. Qd2 c6 7. O-O-O h6 8. g4
Nf6 9. Nge2 a5 10. Ng3 b5 11. Nf5 Bxf5 12. gxf5 Na6 13. dxe5 dxe5 14. Qg2 Qc7
15. Qxg7 Rh7 16. Qg1 Rd8 17. Rxd8+ Bxd8 18. Nxb5 Qd7 19. Nd6+ Qxd6 20. Bxa6 a4
21. Bc5 Qc7 22. Qe3 Nd7 23. Ba3 Bg5 24. f4 Bxf4 25. Qxf4 exf4 26. Rg1 Nf6 27.
Bb4 Qb6 {White resigns} 0-1

[Event "Team 45 45 League T64"]
[Site "Internet Chess Club"]
[Date "2015.04.27"]
[Round "8"]
[White "hondocando"]
[Black "Invicta-Knight"]
[Result "1-0"]
[WhiteElo "1614"]
[BlackElo "1575"]
[Opening "Scandinavian: Pytel-Wade variation"]
[ECO "B01"]
[Time "09:11:09"]
[TimeControl "2700+45"]

1. e4 d5 2. exd5 Qxd5 3. Nc3 Qd6 4. d4 a6 5. Bd3 g6 6. Ne4 Qb6 7. Nf3 Nh6 8. c3
Bg7 9. O-O Bg4 10. h3 Be6 11. Re1 Nd7 12. b4 f5 13. Nc5 Bd5 14. Nxd7 Kxd7 15.
Qe2 Rae8 16. Ne5+ Kc8 17. a4 Nf7 18. Nxf7 Bxf7 19. a5 Qd6 20. b5 axb5 21. Bxb5
c6 22. a6 Kb8 23. axb7 Bd5 24. Bc4 e5 25. Qa2 Kc7 26. Qa7 Rb8 27. dxe5 Bxe5 28.
Ba3 {Black resigns} 1-0

[Event "Team 45 45 League T64"]
[Site "Internet Chess Club"]
[Date "2015.04.26"]
[Round "8"]
[White "Visin"]
[Black "Chesslov"]
[Result "0-1"]
[WhiteElo "1249"]
[BlackElo "1562"]
[Opening "English opening"]
[ECO "A17"]
[Time "15:00:10"]
[TimeControl "2700+45"]

1. c4 e6 2. Nc3 Nf6 3. g3 c6 4. Bg2 d5 5. b3 d4 6. Ne4 c5 7. d3 Be7 8. Bd2 Qc7
9. e3 Bd7 10. Nxf6+ Bxf6 11. Ne2 dxe3 12. Bxe3 Bxa1 13. Qxa1 O-O 14. O-O Bc6 15.
Bf4 Qd7 16. d4 Bxg2 17. Kxg2 Qc6+ 18. Kg1 Qe4 19. Re1 Nd7 20. dxc5 Nxc5 21. Nc3
Qg6 22. Be3 Nd3 23. Rd1 Ne5 24. Nb5 Nf3+ 25. Kh1 Qe4 26. Qd4 {White resigns} 0-1

[Event "Team 45 45 League T64"]
[Site "Internet Chess Club"]
[Date "2015.04.26"]
[Round "8"]
[White "pishd"]
[Black "ticopatzer"]
[Result "0-1"]
[WhiteElo "1722"]
[BlackElo "1739"]
[Opening "Queen's pawn: Yusupov-Rubinstein system"]
[ECO "A46"]
[Time "11:03:20"]
[TimeControl "2700+45"]

1. d4 Nf6 2. Nf3 e6 3. e3 c5 4. Bd3 cxd4 5. exd4 b6 6. O-O Bb7 7. Bg5 Be7 8.
Nbd2 O-O 9. Qe2 Nc6 10. c3 a5 11. Rad1 Nd5 12. Bxe7 Ncxe7 13. g3 h6 14. a3 f5
15. Ne5 d6 16. Nec4 Qd7 17. Rfe1 Rf6 18. Ne3 Raf8 19. Bb5 Qc7 20. f4 Rg6 21. c4
Nxf4 22. Qf1 e5 23. dxe5 dxe5 24. Nf3 Bxf3 25. Qxf3 e4 26. Qf1 Nd3 27. Rxd3 exd3
28. Qxd3 Rd6 29. Qe2 Qc5 30. Kh1 Ng6 31. Nd5 f4 32. gxf4 Nxf4 33. Nxf4 Rxf4 34.
Qc2 Rdf6 35. Qg2 Rf2 36. Qh3 Qc7 37. Re8+ Kh7 38. Qd3+ Rg6 39. Qh3 Qb7+ {White
resigns} 0-1

[Event "Team 45 45 League T64"]
[Site "Internet Chess Club"]
[Date "2015.04.27"]
[Round "8"]
[White "evan7284"]
[Black "Bleddyn"]
[Result "0-1"]
[WhiteElo "1618"]
[BlackElo "1617"]
[Opening "Torre attack (Tartakower variation)"]
[ECO "D03"]
[Time "15:00:11"]
[TimeControl "2700+45"]

1. d4 d5 2. Nf3 Nf6 3. Bg5 e6 4. Nbd2 c5 5. e3 Nc6 6. c3 Be7 7. Bd3 c4 8. Bc2 h6
9. Bh4 Qb6 10. Rb1 Bd7 11. Qe2 g5 12. Bg3 Nh5 13. b3 Nxg3 14. fxg3 cxb3 15. Rxb3
Qc7 16. Qd3 Na5 17. Rb1 f5 18. Ne5 Bd6 19. Nxd7 Qxd7 20. Qb5 Qxb5 21. Rxb5 b6
22. Ba4 O-O 23. O-O Rac8 24. Rc1 Rc7 25. Rb2 Ba3 26. Rbc2 Bxc1 27. Rxc1 Rfc8 28.
Nb1 Nc4 29. Kf2 Nd6 30. Ke2 Ne4 31. Kd3 a6 32. Bb3 b5 33. a4 b4 34. c4 dxc4+ 35.
Bxc4 Nf2+ 36. Ke2 Rxc4 37. Rxc4 Rxc4 38. Kxf2 Rc2+ 39. Kf3 g4+ 40. Kf4 Kf7 41.
Ke5 Rxg2 42. d5 exd5 43. Kxd5 Rxh2 44. Kc5 a5 45. Kb5 Re2 46. Kxa5 b3 47. Kb6 b2
48. a5 Re1 49. Na3 b1=Q+ 50. Nxb1 Rxb1+ 51. Kc7 Ke6 52. a6 Ke5 {White resigns}
0-1

[Event "Team 45 45 League T64"]
[Site "Internet Chess Club"]
[Date "2015.04.23"]
[Round "8"]
[White "TINAyoufatlard"]
[Black "losscause"]
[Result "1-0"]
[WhiteElo "1671"]
[BlackElo "1607"]
[Opening "QGD semi-Slav: 5.e3"]
[ECO "D45"]
[Time "19:31:25"]
[TimeControl "2700+45"]

1. c4 c6 2. d4 d5 3. e3 Nf6 4. Nc3 e6 5. Nf3 Be7 6. Bd3 dxc4 7. Bxc4 O-O 8. O-O
Nbd7 9. e4 b5 10. Bd3 Bb7 11. e5 Nd5 12. Nxd5 exd5 13. Qc2 h6 14. Bd2 Re8 15.
Rfe1 Nf8 16. a4 bxa4 17. Rxa4 Ne6 18. Rea1 c5 19. Bf5 cxd4 20. Bxe6 fxe6 21.
Bxh6 Rf8 22. Qg6 Rf7 23. Rxd4 Bc8 24. Rg4 Qf8 25. Bg5 Bd7 26. Rh4 Rf5 27. Bxe7
Qxe7 28. Qh7+ Kf7 29. Rg4 Qf8 30. Nh4 {Black resigns} 1-0

[Event "Team 45 45 League T64"]
[Site "Internet Chess Club"]
[Date "2015.04.25"]
[Round "8"]
[White "werty"]
[Black "skuhl99"]
[Result "1-0"]
[WhiteElo "1583"]
[BlackElo "1431"]
[Opening "Queen's pawn: London system"]
[ECO "A45"]
[Time "14:31:11"]
[TimeControl "2700+45"]

1. d4 Nf6 2. Bf4 c5 3. e3 g6 4. Nf3 Bg7 5. c3 cxd4 6. exd4 O-O 7. h3 Qb6 8. Qc2
d6 9. Bd3 Bd7 10. O-O Bb5 11. Bxb5 Qxb5 12. Nbd2 Qd7 13. Rfe1 Nc6 14. Re2 Rfe8
15. Rae1 b5 16. a3 a6 17. Ne4 Nd5 18. Bg3 Rac8 19. Qd2 Na5 20. Qd1 Nc4 21. Qb1
a5 22. Ned2 Nxd2 23. Nxd2 Nb6 24. Qd3 Nc4 25. Nxc4 bxc4 26. Qe4 d5 27. Qf3 e6
28. Be5 Qe7 29. Bxg7 Kxg7 30. Qxd5 exd5 31. Rxe7 Rxe7 32. Rxe7 Rb8 33. Re5 Rxb2
34. Rxd5 Rb3 35. Rxa5 Rxc3 36. Rc5 Rxa3 37. Rxc4 Rd3 38. Kf1 Kf6 39. Ke2 Rb3 40.
Rc2 Ke6 41. Rd2 Kd5 42. Rd3 Rb4 43. Ke3 f5 44. g3 g5 45. f3 h5 46. Ra3 Rb5 47.
Rc3 Ra5 48. Kd3 Rb5 49. g4 fxg4 50. fxg4 hxg4 51. hxg4 Ra5 52. Rc5+ Rxc5 53.
dxc5 Kxc5 54. Ke4 Kd6 55. Kf5 Ke7 56. Kxg5 Kf7 57. Kh6 Kg8 58. g5 Kh8 59. Kg6
Kg8 60. Kf6 Kf8 61. g6 Kg8 62. g7 {Black resigns} 1-0

[Event "Team 45 45 League T64"]
[Site "Internet Chess Club"]
[Date "2015.04.28"]
[Round "8"]
[White "JasonModer"]
[Black "otherook"]
[Result "1-0"]
[WhiteElo "1842"]
[BlackElo "1718"]
[Opening "Nimzo-Indian: Reshevsky variation"]
[ECO "E46"]
[Time "16:30:20"]
[TimeControl "2700+45"]

1. d4 e6 2. c4 Bb4+ 3. Nc3 Nf6 4. e3 O-O 5. Ne2 d5 6. a3 Bxc3+ 7. Nxc3 c6 8.
cxd5 cxd5 9. Bd3 b6 10. O-O Ba6 11. b3 Bxd3 12. Qxd3 Nc6 13. a4 Qd7 14. Ba3 Rfc8
15. Rac1 a6 16. f3 Na5 17. Na2 b5 18. Bb4 Nb7 19. axb5 Qxb5 20. Qxb5 axb5 21.
Nc3 Na5 22. Bxa5 Rxa5 23. b4 Raa8 24. Nxb5 Rcb8 25. Nc7 Ra7 26. b5 Nd7 27. Rc6
Kf8 28. Rb1 Rab7 29. Ra1 Ke7 30. Na6 Ra8 31. Rb1 Nb8 32. Nc5 Rxb5 33. Rc7+ Kd8
34. Rxb5 Kxc7 35. Rb7+ Kc6 36. Rxf7 e5 37. Rxg7 exd4 38. exd4 Ra1+ 39. Kf2 Rd1
40. Ke3 Re1+ 41. Kd2 Rf1 42. Rg8 Nd7 43. Nxd7 Kxd7 44. Rg5 Ke6 45. Re5+ Kd6 46.
Ke2 Rg1 47. Rg5 Rh1 48. Rh5 Rg1 49. Rh6+ {Black resigns} 1-0

[Event "Team 45 45 League T64"]
[Site "Internet Chess Club"]
[Date "2015.04.24"]
[Round "8"]
[White "wildcat2023"]
[Black "OzymandiasVII"]
[Result "1-0"]
[WhiteElo "1473"]
[BlackElo "1703"]
[Opening "Queen's gambit declined"]
[ECO "D30"]
[Time "14:01:10"]
[TimeControl "2700+45"]

1. d4 d5 2. c4 e6 3. Nf3 c6 4. a3 Nd7 5. Nc3 Be7 6. Bf4 h5 7. Rc1 h4 8. e3 h3 9.
Bg3 hxg2 10. Bxg2 Nh6 11. cxd5 exd5 12. Qc2 Nf6 13. Ne5 Bd6 14. Bh4 Nhg4 15.
Bxf6 Qxf6 16. Nxg4 Bxg4 17. h3 Bf3 18. Bxf3 Qxf3 19. Rg1 Rxh3 20. Qe2 Qf6 21.
Qg4 Rh2 22. Rg2 Rxg2 23. Qxg2 O-O-O 24. Nxd5 Qe6 25. Nc3 Kb8 26. Qxg7 Qb3 27.
Qg5 Bc7 28. Nd1 Rh8 29. Kd2 a6 30. Qf5 Rh1 31. Rb1 Qc4 32. Nc3 Rh2 33. b3 Qe6
34. Qxe6 fxe6 35. Ne4 e5 36. dxe5 Bxe5 37. Kd3 Kc7 38. f4 Bb2 39. a4 b5 40. a5
Ba3 41. b4 Bb2 42. Nc5 Bf6 43. Nxa6+ Kb7 44. Nc5+ Ka7 45. Rg1 Rb2 46. Rg6 Bh8
47. Rxc6 Rxb4 48. Rc7+ Kb8 49. Na6+ Ka8 50. Nxb4 {Black resigns} 1-0